Map: Jagannatha LE

Players

You

  • Race: Zerg Zerg
  • League: Platinum
  • Spawn Location: 7:00

ViBE - Winner!

  • Race: Zerg Zerg
  • League: Platinum
  • Spawn Location: 1:00

VOD

Have the link to the VOD?

Description

Time

  • Played on: March 31, 2021, 12:01 a.m.
  • Length: 2:57
Show
View Real Time Build Order
Export as new Build Order

You Zerg 

Build Orders: Pool Only 

Get SALT Encoding   

  12  0:07  Drone  
  13  0:23  Spawning Pool  
  13  0:27  Drone  
  13  0:41  Drone  
  14  0:45  Overlord  
  14  1:10  Zergling x6  
  17  1:21  Drone  
  18  1:38  Spine Crawler  
  18  1:39  Spine Crawler  
  16  1:41  Zergling x2  
  17  1:47  Zergling x2  
  18  1:59  Zergling x2  
  19  2:17  Zergling x2  
  19  2:18  Zergling x2  
  20  2:27  Spine Crawler  
  19  2:36  Zergling x2  
  20  2:41  Spine Crawler  
Show
View Real Time Build Order
Export as new Build Order

ViBE Zerg - Winner!

Build Orders: Hatch First 

Get SALT Encoding   

  12  0:00  Drone  
  13  0:12  Overlord  
  13  0:20  Drone  
  14  0:31  Drone  
  14  0:32  Drone  
  16  0:49  Hatchery  
  15  0:53  Drone  
  15  0:56  Drone  
  17  1:00  Drone  
  18  1:13  Spawning Pool  
  18  1:15  Drone  
  18  1:21  Drone  
  19  1:30  Drone  
  20  1:35  Extractor  
  19  2:06  Queen x2  
  23  2:09  Zergling x2  
  23  2:10  Zergling x6  
  27  2:21  Zergling x2  
  27  2:22  Zergling x2  
Tags
 
Add a new tag
Caveats
  • Supply blocks, unpowered buildings, or Contaminate may cause inaccurate times.
  • Supply counts are checked every 10 seconds.